 Dungeon Crawl Stone Soup version 0.17-a0-1554-g3b847ca (webtiles) character file.

174 urechis the Cudgeler (level 5, 0/55 HPs)
             Began as an Ogre Gladiator on July 19, 2015.
             Slain by Grinder (6 damage)
             ... on level 3 of the Dungeon.
             The game lasted 00:04:15 (2392 turns).

urechis the Cudgeler (Ogre Gladiator)               Turns: 2392, Time: 00:04:15

Health: 0/55       AC:  4    Str: 21    XL:     5   Next: 54%
Magic:  5/5        EV: 10    Int:  7    God:
Gold:   90         SH:  0    Dex: 10    Spells: 0 memorised, 4 levels left

rFire  . . .     SeeInvis .     a - +0 flail
rCold  . . .     Clarity  .     t - +0 animal skin (curse)
rNeg   . . .     SustAt   .     (no shield)
rPois  .         Gourm    .     c - +0 hat
rElec  .         Spirit   .     q - +0 cloak
rCorr  .         Warding  .     (gloves unavailable)
rMut   .         Stasis   .     (boots unavailable)
MR     .....                    (no amulet)
Stlth  +.........               (no ring)
                                (no ring)

@: not resistant to hostile enchantments, very unstealthy
A: unfitting armour, tough skin 1
a: no special abilities


You were on level 3 of the Dungeon.
You were very hungry.

You visited 1 branch of the dungeon, and saw 3 of its levels.

You collected 90 gold pieces.

Inventory:

Hand weapons
 a - a +0 flail (weapon)
 v - a +1 whip of venom
Missiles
 e - 3 throwing nets (quivered)
Armour
 c - a +0 hat (worn)
 q - a +0 cloak (worn)
 t - a cursed +0 animal skin (worn)
Magical devices
 s - a wand of slowing (18)
Scrolls
 b - a scroll of enchant armour {unknown}
 g - a scroll of teleportation {unknown}
 i - 2 scrolls of remove curse {unknown}
 m - 2 scrolls of amnesia {unknown}
 n - a scroll of magic mapping {unknown}
Potions
 f - a potion of agility
 h - a potion of magic {unknown}
 j - a potion of degeneration {unknown}
 o - a potion of ambrosia {unknown}
 p - a potion of poison {unknown}
 u - 3 potions of brilliance {unknown}
Comestibles
 d - 2 bread rations
 l - a meat ration
 r - 2 beef jerkies


   Skills:
 + Level 4.7 Fighting
 * Level 6.9 Maces & Flails
 - Level 2.1 Throwing
 - Level 2.6 Dodging


You had 4 spell levels left.
You didn't know any spells.

Dungeon Overview and Level Annotations

Branches:
Dungeon (3/15)

Altars:
Ashenzari
Cheibriados

Annotations:
D:3 Grinder


Innate Abilities, Weirdness & Mutations

You are too large for most types of armour.
You have tough skin (AC +1).


Message History

You hit Grinder.
Grinder is lightly wounded.
Grinder closely misses you.
You hit Grinder.
Grinder is moderately wounded.
Grinder hits you.
* * * LOW HITPOINT WARNING * * *
You writhe in agony.
* * * LOW HITPOINT WARNING * * *
You hit Grinder.
Grinder is moderately wounded.
Grinder hits you but does no damage.
Drink which item? (? for menu, Esc to quit)
You feel better. Grinder hits you but does no damage.
You hit Grinder but do no damage.
Grinder is moderately wounded.
Grinder hits you.
* * * LOW HITPOINT WARNING * * *
You writhe in agony.
You die...

### ..#
#.# #.#
###### #.#
#.<..# #.#
####.# #5#
#.######@#
#...)....#
##########


You could see Grinder.

Vanquished Creatures
  Ijyb (D:2)
  Jessica (D:2)
  Robin (D:2)
  4 adders (D:2)
  An ooze (D:1)
  A giant gecko (D:2)
  2 orcs
  4 giant cockroaches
  8 hobgoblins
  3 jackals (D:2)
  6 kobolds
  5 bats
  4 giant newts
  19 goblins
  6 rats
66 creatures vanquished.

Notes
Turn   | Place    | Note
--------------------------------------------------------------
     0 | D:1      | urechis the Ogre Gladiator began the quest for the Orb.
     0 | D:1      | Reached XP level 1. HP: 22/22 MP: 1/1
   221 | D:1      | Reached XP level 2. HP: 21/31 MP: 2/2
   351 | D:1      | Reached skill level 5 in Maces & Flails
   614 | D:1      | Reached XP level 3. HP: 37/37 MP: 3/3
   896 | D:2      | Noticed Robin
  1134 | D:2      | Noticed Jessica
  1137 | D:2      | Noticed Ijyb
  1139 | D:2      | Killed Jessica
  1139 | D:2      | Reached XP level 4. HP: 45/48 MP: 4/4
  1168 | D:2      | Killed Ijyb
  1168 | D:2      | Reached skill level 6 in Maces & Flails
  1307 | D:2      | Found a snail-covered altar of Cheibriados.
  1455 | D:2      | Reached XP level 5. HP: 37/55 MP: 5/5
  1596 | D:2      | Killed Robin
  2024 | D:2      | Found a shattered altar of Ashenzari.
  2382 | D:3      | Noticed Grinder
  2392 | D:3      | Slain by Grinder

Vault maps used:
D:1:      dpeg_arrival_three_same_balls
D:2:      cheibriados_altar_wand_db, evilmike_ruin_ashenzari, uniq_iyjb,
          uniq_jessica, uniq_robin
D:3:      led_xom_imps, nicolae_gozag_seed_capital, overflow_temple_1_default,
          first_bread, minivault_5, uniq_terence, uniq_grinder

Action                   |  1- 3 |  4- 6 || total
-------------------------+-------+-------++-------
Melee: Flail             |    80 |   137 ||   217
  Use: Potion            |       |     2 ||     2
 Stab: Sleeping          |     1 |       ||     1
  Eat: Chunk             |     1 |     3 ||     4
